 Dungeon Crawl Stone Soup version 0.21-a0-504-g2eda330 (webtiles) character file.

30613 4thArraOfDagon the Stormcaller (level 13, -5/80 HPs)
             Began as a Barachi Air Elementalist on Nov 25, 2017.
             Was a High Priest of Vehumet.
             Killed from afar by a deep elf mage (32 damage)
             ... with a shard of ice
             ... on level 15 of the Dungeon.
             The game lasted 00:52:35 (7613 turns).

4thArraOfDagon the Stormcaller (BaAE)               Turns: 7613, Time: 00:52:36

Health: -5/80      AC: 11    Str: 11    XL:     13   Next: 52%
Magic:  16/27      EV: 11    Int: 23    God:    Vehumet [*****.]
Gold:   425        SH:  0    Dex: 13    Spells: 6/32 levels left

rFire    + . .     SeeInvis .   z - +6 long sword of the Well-Known Moons {elec, +Fly rF+ rN+ Stlth-}
rCold    . . .     Gourm    .   (no shield)
rNeg     + . .     Faith    .   B - +0 ring mail "Momezxih" {rPois Slay+3}
rPois    +         Spirit   .   Y - +1 helmet
rElec    .         Reflect  .   H - scarf {cloud immunity}
rCorr    .         Harm     .   w - +0 pair of gloves
MR       +....                  (no boots)
Stlth    ..........             d - amulet of regeneration
HPRegen  0.63/turn              k - +3 ring of protection
MPRegen  0.20/turn              W - ring of wizardry

@: slow
A: +LOS, swims, clever 1, magic resistance 1, slowness 1, strong 1, strong legs
2
a: Hop, Renounce Religion, Evoke Flight


You were on level 15 of the Dungeon.
You worshipped Vehumet.
Vehumet was extremely pleased with you.
You were not hungry.

You visited 2 branches of the dungeon, and saw 16 of its levels.

You collected 597 gold pieces.
You spent 172 gold pieces at shops.

Inventory:

Hand Weapons
 g - a +0 short sword
 m - a +0 trident of draining
 s - a +0 blowgun
 z - the +6 long sword of the Well-Known Moons (weapon) {elec, +Fly rF+ rN+ Stlth-}
   (You found it on level 12 of the Dungeon)

   Occasionally, upon striking a foe, it will discharge some electrical energy
   and cause terrible harm.
   It protects you from fire.
   It protects you from negative energy.
   It lets you fly.
   It makes you less stealthy.
 C - a +0 halberd
 M - a +2 short sword of draining
 N - a +0 hand axe
Missiles
 L - 5 curare-tipped needles
Armour
 a - a +0 robe
 j - a +0 helmet
 w - a +0 pair of gloves (worn)
 B - the +0 ring mail "Momezxih" (worn) {rPois Slay+3}
   (You found it on level 7 of the Dungeon)

   It affects your accuracy and damage with ranged weapons and melee attacks
   (+3).
   It protects you from poison.
 H - a scarf of cloud immunity (worn)
 O - a +2 hat
 T - the +1 robe of Juargh {Int+2}
   (You found it on level 12 of the Dungeon)

   It affects your intelligence (+2).
 V - a +0 troll leather armour
 X - a +0 shield of protection
 Y - a +1 helmet (worn)
 Z - a +2 robe of positive energy
Jewellery
 d - an amulet of regeneration (around neck)
 k - a +3 ring of protection (left hand)
 W - a ring of wizardry (right hand)
Wands
 n - a wand of acid (10)
 r - a wand of scattershot (2)
 U - a wand of digging (11)
Scrolls
 e - 2 scrolls of remove curse
 i - 2 scrolls of noise {unknown}
 l - 3 scrolls of enchant armour {unknown}
 q - 4 scrolls of teleportation
 u - a scroll of torment {unknown}
 v - 3 scrolls of amnesia
 x - 3 scrolls of enchant weapon {unknown}
 y - 6 scrolls of fear {unknown}
 F - 2 scrolls of immolation {unknown}
 G - 2 scrolls of magic mapping
 J - a scroll of acquirement {unknown}
 K - a scroll of vulnerability {unknown}
 P - a scroll of fog {unknown}
Potions
 f - 2 potions of curing
 h - 2 potions of berserk rage
 o - a potion of ambrosia
 p - a potion of flight {unknown}
 t - 2 potions of haste
 D - a potion of resistance
 E - 2 potions of heal wounds
 I - 2 potions of brilliance {unknown}
 Q - a potion of mutation {unknown}
 R - a potion of magic {unknown}
 S - a potion of agility
Books
 b - a book of Air

   Spells                             Type                      Level
   a - Shock                          Conjuration/Air              1
   b - Swiftness                      Charms/Air                   2
   c - Static Discharge               Conjuration/Air              3
   d - Airstrike                      Air                          4
   e - Lightning Bolt                 Conjuration/Air              5
Comestibles
 c - 10 bread rations
 A - 3 meat rations


   Skills:
 + Level 0.5 Fighting
 + Level 0.5 Armour
 + Level 2.3 Dodging
 - Level 1.7 Stealth
 - Level 10.4 Spellcasting
 - Level 4.1 Conjurations
 - Level 20.0 Air Magic


You had 6 spell levels left.
You knew the following spells:

 Your Spells              Type           Power        Failure   Level  Hunger
a - Shock                 Conj/Air       ####         1%          1    None
b - Airstrike             Air            #######...   1%          4    #......
c - Lightning Bolt        Conj/Air       ######....   1%          5    ####...
d - Static Discharge      Conj/Air       ######..     1%          3    None
e - Lee's Rapid Deconstr  Erth           ##........   34%         5    ####...
f - Swiftness             Chrm/Air       ######..     1%          2    None
g - Conjure Ball Lightni  Conj/Air       ######....   1%          6    ######.


Dungeon Overview and Level Annotations

Branches:
Dungeon (15/15)            Temple (1/1) D:5             Orc (0/2) D:12
   Lair: D:8-11      Vaults: D:13-14     Depths: D:15

Altars:
Ashenzari
Cheibriados
Dithmenos
Elyvilon
Fedhas
Gozag
Hepliaklqana
Kikubaaqudgha
Makhleb
Nemelex Xobeh
Okawaru
Qazlal
Ru
Sif Muna
Trog
Uskayaw
Vehumet
Wu Jian
Xom
Yredelemnul
Zin
Beogh
Lugonu

Shops:
D:5 *   D:8 ?   D:11 }

Annotations:
D:3 Ijyb
D:6 Edmund
D:12 Frances
D:14 Kirke, Nessos


Innate Abilities, Weirdness & Mutations

Shadows flee at your approach. (+LOS)
You can swim through water.
You cover ground slowly.
You can hop longer distances.
Your mind is acute. (Int +2)
You are resistant to hostile enchantments. (MR+)
Your muscles are strong. (Str +2)


Message History

Vehumet accepts your kill.
You feel your power returning.
The lightning arcs!
You are struck by lightning.
The lightning arcs!
The hog is struck by lightning.
The hog is severely wounded.
The lightning grounds out.
The hog bites you. The hog bites you but does no damage.
The deep elf mage casts a spell at you. The shard of ice hits you!
Unknown command.
Casting: Static Discharge
Confirm with . or Enter, or press ? or * to list all spells.
Aiming: Airstrike
Press: ? - help, Dir - move target cursor, f - deep elf mage
Aim: a deep elf mage, wielding a short sword and wearing a chain mail The air twists around and strikes the deep elf mage!
The deep elf mage is moderately wounded.
The hog bites you but does no damage.
The deep elf mage gestures at you while chanting.
The shard of ice hits you!
You die... #######.# #.h@$.e.# #.####### #

You could see a deep elf mage and a hog.

Vanquished Creatures
  The ghost of Dustman the Nimble, a journeyman HuMo of the Shining One (D:12)
  Josephine (D:14)
  3 vault guards
  2 centaur warriors
  5 two-headed ogres
  Urug (D:14)
  A tengu warrior (D:13)
  Sonja (D:13)
  The ghost of Soeti the Thaumaturge, a novice OpEn of Vehumet (D:10)
  2 unseen horrors
  2 deep elf magi
  2 cyclopes (D:13)
  3 ugly things
  3 kobold demonologists (D:12)
  An efreet (D:14)
  3 tengu conjurers (D:13)
  6 trolls
  A hornet (D:11)
  A hippogriff (shapeshifter) (D:14)
  2 hippogriffs
  A meliai zombie (D:10)
  2 fire elementals (D:14)
  2 shadows
  A wyvern (D:8)
  5 wraiths
  19 yaks
  4 fire bats (D:13)
  A hungry ghost (D:7)
  A hog (D:15)
  Menkaure (D:5)
  A soldier ant (D:13)
  A hell hound (D:13)
  An ice beast (D:7)
  5 orc warriors
  A sky beast (D:6)
  A black bear (D:6)
  A phantom (D:4)
  9 centaurs
  3 necrophages
  4 ogres
  A crocodile (D:10)
  9 bullfrogs
  A wyvern skeleton (D:10)
  2 jellies (D:13)
  3 scorpions
  A wight (D:6)
  7 killer bees
  An electric eel (D:14)
  17 crimson imps
  4 bullfrog zombies
  2 lava snakes (D:13)
  7 centaur zombies
  A quasit (D:9)
  A bullfrog skeleton (D:4)
  5 hounds
  A gnoll shaman (D:8)
  8 orc priests
  10 orc wizards
  5 centaur skeletons
  2 iguanas
  7 worker ants
  A hound zombie (D:10)
  2 hound skeletons
  3 worker ant zombies
  A howler monkey zombie (D:3)
  7 adders
  11 gnolls
  A howler monkey skeleton (D:8)
  4 shadow imps
  A white imp (D:14)
  An ooze (D:2)
  2 adder skeletons (D:8)
  An adder zombie (D:3)
  2 worms (D:3)
  3 dart slugs
  3 leopard geckos
  24 orcs
  3 bats
  5 giant cockroaches
  2 hobgoblins (D:2)
  8 kobolds
  2 quokkas (D:2)
  2 ball pythons (D:2)
  A frilled lizard (D:4)
  5 goblins
  A leopard gecko skeleton (D:9)
  9 rats
  A fire vortex (D:13)
307 creatures vanquished.

Vanquished Creatures (others)
  20 ball lightnings
  2 hogs (D:14)
  A basilisk (D:14)
  A hornet zombie (D:14)
  A white imp (D:14)
25 creatures vanquished.

Grand Total: 332 creatures vanquished

Notes
Turn   | Place    | Note
-------+----------+-------------------------------------------
     0 | D:1      | 4thArraOfDagon the Barachi Air Elementalist began the quest for the Orb.
     0 | D:1      | Reached XP level 1. HP: 13/13 MP: 3/3
   114 | D:1      | Reached XP level 2. HP: 11/19 MP: 0/5
   185 | D:2      | Reached skill level 4 in Air Magic
   267 | D:2      | Reached XP level 3. HP: 9/24 MP: 1/7
   427 | D:3      | Reached XP level 4. HP: 30/30 MP: 6/8
   476 | D:3      | Learned a level 4 spell: Airstrike
   493 | D:3      | Noticed Ijyb
   631 | D:5      | Entered Level 5 of the Dungeon
   645 | D:5      | Found Awkag's Assorted Antiques.
   651 | D:5      | Found a basalt altar of Yredelemnul.
   652 | D:5      | Bought a cyan potion for 18 gold pieces
   655 | D:5      | Found a bloodstained altar of Trog.
   669 | D:5      | Noticed a bullfrog
   677 | D:5      | Killed a bullfrog
   677 | D:5      | Reached skill level 5 in Air Magic
   677 | D:5      | Reached XP level 5. HP: 14/35 MP: 2/10
   697 | D:5      | Noticed a phantom
   707 | D:5      | Found a stormy altar of Qazlal.
   723 | D:5      | Noticed Menkaure
   777 | D:4      | Killed a phantom
   777 | D:4      | Reached skill level 6 in Air Magic
   777 | D:4      | Reached XP level 6. HP: 37/41 MP: 0/11
   965 | D:4      | Noticed a fire elemental
   968 | D:4      | Found a stormy altar of Qazlal.
   968 | D:4      | Noticed a water elemental
   969 | D:4      | Noticed an air elemental
  1047 | D:5      | Found a staircase to the Ecumenical Temple.
  1055 | Temple   | Entered the Ecumenical Temple
  1089 | Temple   | Became a worshipper of Vehumet
  1132 | D:5      | Killed Menkaure
  1132 | D:5      | Reached skill level 7 in Air Magic
  1132 | D:5      | Reached XP level 7. HP: 46/46 MP: 7/13
  1166 | D:5      | Bought a fizzy ruby potion for 18 gold pieces
  1166 | D:5      | Bought a metallic cyan potion for 18 gold pieces
  1166 | D:5      | Bought a scroll labeled ZASAEP EDOSO for 21 gold pieces
  1393 | D:3      | Reached skill level 5 in Spellcasting
  1578 | D:2      | Found a burning altar of Makhleb.
  1590 | D:2      | Reached * piety under Vehumet
  1590 | D:2      | Offered knowledge of Magic Dart by Vehumet.
  1590 | D:2      | Reached skill level 8 in Air Magic
  1642 | D:2      | Found an opulent altar of Gozag.
  2081 | D:5      | Learned a level 5 spell: Lightning Bolt
  2150 | D:6      | Reached XP level 8. HP: 52/52 MP: 7/16
  2217 | D:6      | Reached skill level 9 in Air Magic
  2272 | D:6      | Noticed Edmund
  2326 | D:7      | Learned a level 3 spell: Static Discharge
  2343 | D:7      | Found a sparkling altar of Nemelex Xobeh.
  2433 | D:7      | Got a slimy ring mail
  2444 | D:7      | Identified the +0 ring mail "Momezxih" {rPois Slay+3} (You found it on level 7 of the Dungeon)
  2567 | D:7      | Noticed a two-headed ogre
  2568 | D:7      | Noticed a hippogriff
  2573 | D:7      | Killed a two-headed ogre
  2573 | D:7      | Reached skill level 10 in Air Magic
  2573 | D:7      | Reached XP level 9. HP: 57/57 MP: 16/19
  2578 | D:7      | Offered knowledge of Throw Frost by Vehumet.
  2580 | D:7      | Reached ** piety under Vehumet
  2580 | D:7      | Reached skill level 11 in Air Magic
  2759 | D:8      | Noticed a two-headed ogre
  2829 | D:8      | Found a shadowy altar of Dithmenos.
  2854 | D:8      | Found Suarauff's Magic Scroll Shoppe.
  2872 | D:8      | Bought a scroll of identify for 26 gold pieces
  2872 | D:8      | Bought a scroll of identify for 26 gold pieces
  2872 | D:8      | Bought a scroll of magic mapping for 45 gold pieces
  3034 | D:8      | Reached XP level 10. HP: 55/63 MP: 10/21
  3043 | D:8      | Killed a two-headed ogre
  3043 | D:8      | Reached skill level 12 in Air Magic
  3145 | D:8      | Offered knowledge of Ignite Poison by Vehumet.
  3313 | D:8      | Noticed a two-headed ogre
  3315 | D:8      | Reached *** piety under Vehumet
  3319 | D:8      | Killed a two-headed ogre
  3319 | D:8      | Reached skill level 13 in Air Magic
  3448 | D:10     | Entered Level 10 of the Dungeon
  3662 | D:10     | Offered knowledge of Throw Icicle by Vehumet.
  3742 | D:10     | Noticed a centaur warrior
  3752 | D:10     | Killed a centaur warrior
  3752 | D:10     | Reached skill level 14 in Air Magic
  3752 | D:10     | Reached XP level 11. HP: 22/68 MP: 8/24
  3810 | D:10     | You fall through a shaft for 3 floors!
  3810 | D:13     | Noticed a tengu warrior
  3810 | D:13     | Noticed a seven-headed hydra
  3811 | D:13     | :O
  3815 | D:13     | Noticed a centaur warrior
  3826 | D:13     | Killed a centaur warrior
  3884 | D:13     | Noticed Sonja
  3890 | D:13     | Killed Sonja
  3890 | D:13     | Reached skill level 10 in Spellcasting
  4098 | D:12     | Noticed Dustman's ghost (journeyman HuMo)
  4110 | D:12     | Killed Dustman's ghost
  4110 | D:12     | Reached skill level 15 in Air Magic
  4203 | D:10     | Reached **** piety under Vehumet
  4238 | D:10     | Found a sacrificial altar of Ru.
  4278 | D:10     | Noticed Soeti's ghost (novice OpEn)
  4291 | D:10     | Killed Soeti's ghost
  4844 | D:11     | Noticed a red ugly thing
  4850 | D:11     | Killed a red ugly thing
  4853 | D:11     | Gained mutation: Your mind is acute. (Int +2) [mutagenic meat]
  4854 | D:11     | Gained mutation: You are resistant to hostile enchantments. (MR+) [mutagenic meat]
  4855 | D:11     | Gained mutation: Your muscles are strong. (Str +2) [mutagenic meat]
  4905 | D:10     | Reached skill level 16 in Air Magic
  4959 | D:11     | Offered knowledge of Lee's Rapid Deconstruction by Vehumet.
  4970 | D:11     | Learned a level 5 spell: Lee's Rapid Deconstruction
  4973 | D:11     | Noticed a four-headed hydra
  5050 | D:11     | Killed an unseen horror
  5050 | D:11     | Reached XP level 12. HP: 59/74 MP: 11/26
  5243 | D:11     | Found Kioruyc's Gadget Boutique.
  5445 | D:12     | Found a staircase to the Orcish Mines.
  5445 | D:12     | Noticed Frances
  5446 | D:12     | :O
  5450 | D:12     | HP: 1/74 [deep elf mage/bolt of fire (25)]
  5488 | D:12     | HP: 1/74 [troll (8)]
  5567 | D:12     | Learned a level 2 spell: Swiftness
  5663 | D:12     | Got a fine long sword
  5664 | D:12     | Identified the +6 long sword of the Well-Known Moons {elec, +Fly rF+ rN+ Stlth-} (You found it on level 12 of the Dungeon)
  5705 | D:12     | Got a crude robe
  5758 | D:12     | Reached skill level 17 in Air Magic
  5887 | D:12     | Found a corrupted altar of Lugonu.
  5904 | D:12     | Found a roughly hewn altar of Beogh.
  6011 | D:12     | Reached ***** piety under Vehumet
  6011 | D:12     | Offered knowledge of Conjure Ball Lightning by Vehumet.
  6029 | D:13     | Identified the +1 robe of Juargh {Int+2} (You found it on level 12 of the Dungeon)
  6075 | D:12     | Learned a level 6 spell: Conjure Ball Lightning
  6251 | D:13     | Reached skill level 18 in Air Magic
  6458 | D:13     | Killed a tengu warrior
  6700 | D:14     | Gained mutation: You can hop longer distances. [Barachi growth]
  6700 | D:14     | Reached XP level 13. HP: 66/79 MP: 15/27
  6742 | D:14     | Reached skill level 19 in Air Magic
  6815 | D:14     | Noticed Urug
  6818 | D:14     | Killed Urug
  6875 | D:14     | Noticed a vault guard
  6903 | D:14     | Noticed Josephine
  6911 | D:14     | Killed Josephine
  6913 | D:14     | Noticed Nessos
  6973 | D:13     | Killed a vault guard
  7121 | D:14     | Noticed a vault guard
  7132 | D:14     | Killed a vault guard
  7132 | D:14     | Offered knowledge of Poison Arrow by Vehumet.
  7311 | D:13     | Turgon: Which are the well-known moons? Io, Europa, Ganymed and Kallisto?
  7345 | D:13     | Turgon: And a +6 LSw of these moons!
  7522 | D:14     | Noticed a vault guard
  7537 | D:14     | Killed a vault guard
  7537 | D:14     | Reached skill level 20 in Air Magic
  7595 | D:14     | Noticed a vault guard
  7595 | D:14     | Noticed Kirke
  7611 | D:15     | Entered Level 15 of the Dungeon
  7613 | D:15     | Killed from afar by a deep elf mage

Vault maps used:
D:1:      mrwooster_arrival_statue
D:2:      nicolae_gozag_seed_capital, bloody_makhleb
D:3:      tso_altar, serial_undead, serial_undead_c, serial_undead_e,
          serial_undead_a, serial_undead_c, minmay_misc_feat_more_columns,
          uniq_ijyb
D:4:      first_bread, nicolae_qazlal_style_of_elements
D:5:      marbit_many_paths, grunt_temple_overflow_open,
          minmay_temple_entry_glassed_door, serial_shops, shop, uniq_menkaure
D:6:      uniq_edmund
D:7:      kennysheep_mini_moat, basic_altar, grunt_ogre_cave
D:8:      grunt_dithmenos_smoke_and_mirrors, serial_shops, shop, special_room
D:10:     st_stairs_1, nicolae_ru_awakened_eye
D:11:     kennysheep_blocky_room, lair_entry_dummy, serial_shops,
          nicolae_shop_trees, kennysheep_potato
D:12:     kennysheep_kobold_lugonu_temple, hangedman_glass_teeth,
          kennysheep_nub, david_defended_altar_orc, uniq_frances
D:13:     serial_curves, eino_curves_02, eino_curves_04, eino_curves_03,
          hangedman_incinerator, uniq_sonja
D:14:     erik_vaults_2, minivault_4, moated_statue, minmay_nine_imps,
          uniq_urug, uniq_nessos, uniq_josephine, uniq_azrael, uniq_kirke
D:15:     gammafunk_enter_depths_forms, serial_glass, glass_columns_a,
          glass_columns_b, serial_shops, nicolae_shop_statue_plus,
          chequers_big_river, minmay_crystal_water
Temple:   eino_temple_water

Skill      XL: |  1  2  3  4  5  6  7  8  9 10 11 12 13 |
---------------+----------------------------------------+-----
Air Magic      | 4 5 6 7 8 10 11 14 16 18 20 | 20.0
Spellcasting   | 3 4 5 7 9 10 | 10.4
Conjurations   | 4 |  4.1
Fighting       | |  0.5
Armour         | |  0.5
Dodging        | |  2.3
Stealth        | |  1.7

Action                   |  1- 3 |  4- 6 |  7- 9 | 10-12 | 13-15 || total
-------------------------+-------+-------+-------+-------+-------++-------
Melee: Unarmed           |    60 |       |       |       |       ||    60
       Short sword       |     2 |    40 |    86 |   171 |       ||   299
       Halberd           |       |       |    41 |    83 |       ||   124
       Long sword        |       |       |       |    55 |    79 ||   134
Throw: Throwing net      |       |       |       |     2 |       ||     2
 Cast: Shock             |    29 |    34 |   108 |   143 |    22 ||   336
       Airstrike         |       |     5 |    20 |   110 |    37 ||   172
       Static Discharge  |       |       |     3 |    28 |    18 ||    49
       Conjure Ball Ligh |       |       |       |     5 |     5 ||    10
 Abil: Hop               |     1 |     1 |       |     3 |     1 ||     6
Evoke: Wand              |       |       |     9 |    13 |       ||    22
       Phantom mirror    |       |       |       |     1 |       ||     1
  Use: Scroll            |     4 |     3 |     5 |     5 |     2 ||    19
       Potion            |       |       |       |     5 |       ||     5
 Stab: Sleeping          |     2 |       |     2 |     4 |       ||     8
  Eat: Chunk             |       |     3 |     5 |    17 |     2 ||    27
       Bread ration      |       |       |     1 |       |     1 ||     2
       Meat ration       |       |       |       |     1 |       ||     1
       Royal jelly       |       |       |       |     1 |     1 ||     2
Armor: Robe              |    14 |     9 |    25 |       |       ||    48
       Ring mail         |       |       |    32 |   167 |    14 ||   213
       Troll leather arm |       |       |       |    40 |    71 ||   111
       Skin              |       |       |       |    17 |       ||    17
Dodge: Dodged            |    44 |    43 |   110 |   272 |   110 ||   579
       Rpst.: Long sword |       |       |       |    15 |    32 ||    47

Table legend:
 A = Spawn XP
 B = Non-spawn XP
 C = Spawn XP percentage of total XP
 D = Spawn monster count
 E = Non-spawn monster count
 F = Spawn count percentage of total count
 G = Total turns spent on level
                    A         B        C        D         E        F      G
               +---------+---------+-------+---------+---------+-------+---------
         Total |       0 |   43733 |   0.0 |       0 |     306 |   0.0 |  7613
               +---------+---------+-------+---------+---------+-------+---------
           D:1 |       0 |      21 |   0.0 |       0 |      12 |   0.0 |   334
           D:2 |       0 |     172 |   0.0 |       0 |      26 |   0.0 |   476
           D:3 |       0 |     101 |   0.0 |       0 |      16 |   0.0 |   366
           D:4 |       0 |     378 |   0.0 |       0 |      18 |   0.0 |   528
           D:5 |       0 |     485 |   0.0 |       0 |       8 |   0.0 |   397
           D:6 |       0 |     556 |   0.0 |       0 |       7 |   0.0 |   126
           D:7 |       0 |    2185 |   0.0 |       0 |      15 |   0.0 |   499
           D:8 |       0 |    3096 |   0.0 |       0 |      32 |   0.0 |   588
           D:9 |       0 |    1413 |   0.0 |       0 |      17 |   0.0 |   392
          D:10 |       0 |    4268 |   0.0 |       0 |      31 |   0.0 |   713
          D:11 |       0 |    3502 |   0.0 |       0 |      17 |   0.0 |   609
          D:12 |       0 |    6251 |   0.0 |       0 |      27 |   0.0 |   717
          D:13 |       0 |   11076 |   0.0 |       0 |      40 |   0.0 |  1407
          D:14 |       0 |   10051 |   0.0 |       0 |      39 |   0.0 |   412
          D:15 |       0 |     178 |   0.0 |       0 |       1 |   0.0 |     2
               +---------+---------+-------+---------+---------+-------+---------
